 Dungeon Crawl Stone Soup version 0.23.2-1-ga50397a6bc (webtiles) character file.

Game seed: 5314889775090734209

110 Mrkan the Shield-Bearer (level 4, 0/29 HPs)
             Began as a Gargoyle Fighter on May 18, 2019.
             Was an Initiate of Makhleb.
             Slain by an orc
             ... wielding a +0 club
              (2 damage)
             ... on level 3 of the Dungeon.
             The game lasted 00:03:34 (1686 turns).

Mrkan the Shield-Bearer (Gargoyle Fighter)          Turns: 1686, Time: 00:03:35

Health: 0/29       AC: 10    Str: 21    XL:     4   Next: 91%
Magic:  4/4        EV:  7    Int:  8    God:    Makhleb [......]
Gold:   103        SH:  9    Dex:  9    Spells: 3/3 levels left

rFire    . . .     SeeInvis .   a - +0 flail
rCold    . . .     Gourm    .   c - +0 shield
rNeg     + . .     Faith    .   b - +0 scale mail
rPois    ∞         Spirit   .   (no helmet)
rElec    +         Reflect  .   (no cloak)
rCorr    .         Harm     .   (no gloves)
MR       .....                  (no boots)
Stlth    ..........             (no amulet)
HPRegen  0.09/turn              (no ring)
MPRegen  0.09/turn              (no ring)

@: no status effects
A: negative energy resistance 1, electricity resistance, unbreathing,
petrification resistance, rot immunity, AC +3
a: Renounce Religion


You were on level 3 of the Dungeon.
You worshipped Makhleb.
Makhleb was noncommittal.
You were not hungry.

You visited 1 branch of the dungeon, and saw 3 of its levels.

You collected 103 gold pieces.

Inventory:

Hand Weapons
 a - a +0 flail (weapon)
 n - a +2 mace of protection
Armour
 b - a +0 scale mail (worn)
 c - a +0 shield (worn)
Scrolls
 g - 3 scrolls of magic mapping {unknown}
 i - 2 scrolls of remove curse {unknown}
 k - a scroll of teleportation {unknown}
 l - a scroll of identify {unknown}
Potions
 d - a potion of might
 e - a potion of agility {unknown}
 h - 3 potions of curing {unknown}
 j - a potion of mutation {unknown}
 m - a potion of haste {unknown}
 o - a potion of resistance {unknown}
Comestibles
 f - 6 rations


   Skills:
 + Level 3.9 Fighting
 * Level 3.4 Maces & Flails
 - Level 3.7 Armour
 + Level 3.9 Shields
 + Level 1.0 Invocations


You had 3 spell levels left.
You didn't know any spells.
Your spell library was empty.

Dungeon Overview and Level Annotations

Branches:
Dungeon (3/15)

Altars:
Dithmenos
Makhleb
Ru
Uskayaw


Innate Abilities, Weirdness & Mutations

You are resistant to torment.
Your stone body is resilient. (AC +3)
You are immune to poison.
You resist negative energy. (rN+)
You are resistant to electric shocks. (rElec)
You can survive without breathing.
You are immune to petrification.
You are immune to rotting.


Message History

The hobgoblin hits you but does no damage.
The adder barely misses you.
You barely miss the orc.
The orc is heavily wounded.
The adder bites you. The orc hits you but does no damage. x2
You block the orc's attack. The orc hits you but does no damage.
You block the hobgoblin's attack. The adder bites you.
The orc barely misses you.
The hobgoblin hits you but does no damage.
The orc hits you with a +1 war axe of freezing.
* * * LOW HITPOINT WARNING * * *
The orc freezes you.
* * * LOW HITPOINT WARNING * * *
The orc barely misses you.
You hit the orc.
The orc is almost dead.
You block the orc's attack. You block the adder's attack.
The hobgoblin barely misses you. The orc barely misses you.
The orc hits you but does no damage. The orc hits you with a +0 club.
You die...

............
............#
#.............#
#[.....).o..... _
#.PPPPP.... ..#####..
#.P$$$P...# #.#......
#.P$$$P...###oS......
..P$$$P....oo@gll....
..PPPPP...###oo......
#......<.....w.......
#......oo.......>....
#..........#.$#......
##.....o......####...
........#..##... ...
.##....##w##..... ..
##... ... ###


You could see a worm, an adder, 5 orcs, a leopard gecko, a hobgoblin and a
frilled lizard.

Vanquished Creatures
  5 adders (D:2)
  An ooze (D:2)
  A worm (D:2)
  3 dart slugs (D:1)
  A leopard gecko (D:2)
  3 orcs (D:3)
  A ball python (D:2)
  2 bats
  A giant cockroach (D:2)
  5 hobgoblins
  3 frilled lizards
  10 goblins
  7 kobolds
  8 rats
  3 plants (D:2)
54 creatures vanquished.

Vanquished Creatures (others)
  2 plants (D:2)
2 creatures vanquished.

Grand Total: 56 creatures vanquished

Notes
Turn   | Place    | Note
-------+----------+-------------------------------------------
     0 | D:1      | Mrkan the Gargoyle Fighter began the quest for the Orb.
     0 | D:1      | Reached XP level 1. HP: 14/14 MP: 1/1
   103 | D:1      | Reached XP level 2. HP: 14/19 MP: 2/2
   304 | D:1      | Reached XP level 3. HP: 21/23 MP: 3/3
   906 | D:2      | Reached XP level 4. HP: 29/29 MP: 4/4
   914 | D:2      | Found a burning altar of Makhleb.
   914 | D:2      | Found a shadowy altar of Dithmenos.
   915 | D:2      | Found a sacrificial altar of Ru.
   933 | D:2      | Became a worshipper of Makhleb the Destroyer
  1665 | D:3      | Found a hide-covered altar of Uskayaw.
  1679 | D:3      | Reached skill level 1 in Invocations
  1686 | D:3      | Slain by an orc

Skill      XL: |  1  2  3  4 |
---------------+-------------+-----
Maces & Flails | 3 |  3.4
Invocations    | 1 |  1.0
Fighting       | |  3.9
Armour         | |  3.7
Shields        | |  3.9

Action                   |  1- 3 |  4- 6 || total
-------------------------+-------+-------++-------
Melee: Flail             |   101 |   220 ||   321
  Eat: Chunk             |       |     3 ||     3
Armor: Scale mail        |    81 |    86 ||   167
Dodge: Dodged            |    31 |    55 ||    86
Block: Shield            |    67 |    85 ||   152
